 Dungeon Crawl Stone Soup version 0.22.1-1-ga44c0e5 (webtiles) character file.

10933 Garbasso the Grappler (level 11, -13/115 HPs)
             Began as a Troll Monk on Oct 6, 2018.
             Mangled by a komodo dragon (14 damage)
             ... on level 3 of the Lair of Beasts.
             The game lasted 00:35:33 (9016 turns).

Garbasso the Grappler (Troll Monk)                  Turns: 9016, Time: 00:35:34

Health: -13/115    AC:  6    Str: 22    XL:     11   Next: 42%
Magic:  10/10      EV: 19    Int:  7    God:
Gold:   358        SH:  2    Dex: 13    Spells: 10/10 levels left

rFire    + . .     SeeInvis .     - Unarmed
rCold    + . .     Gourm    +   (no shield)
rNeg     . . .     Faith    .   a - +0 robe
rPois    .         Spirit   .   S - +0 hat
rElec    .         Reflect  +   R - +0 cloak (curse)
rCorr    +         Harm     .   (gloves unavailable)
MR       .....                  (boots unavailable)
Stlth    ++........             n - +2 amulet of reflection
HPRegen  0.69/turn              F - ring "Taoloask" {*Corrode rF+ rC+ EV+4 Slay+6}
MPRegen  0.12/turn              f - ring of resist corrosion

@: no status effects
A: large, unfitting armour, claws 3, fast metabolism 3, gourmand, regeneration
1, shaggy fur 1, tough skin 2
a: no special abilities


You were on level 3 of the Lair of Beasts.
You were very full.

You visited 3 branches of the dungeon, and saw 16 of its levels.
You also visited: Ossuary.

You collected 493 gold pieces.
You spent 135 gold pieces at shops.

Inventory:

Hand Weapons
 b - a +0 blowgun
Missiles
 t - 13 javelins
 w - 17 tomahawks (quivered)
 y - 59 poisoned needles
 L - 2 throwing nets
Armour
 a - a +0 robe (worn)
 N - a +0 large shield
 R - a cursed +0 cloak (worn)
 S - a +0 hat (worn)
Magical Staves
 v - an uncursed staff of wizardry
Jewellery
 d - an uncursed ring of poison resistance
 f - a ring of resist corrosion (right claw)
 n - a +2 amulet of reflection (around neck)
 o - an uncursed amulet of regeneration
 q - a +2 ring of dexterity
 F - the ring "Taoloask" (left claw) {*Corrode rF+ rC+ EV+4 Slay+6}
   (You found it on level 4 of the Dungeon)

   [ring of evasion]

   It affects your evasion (+4).
   It affects your accuracy and damage with ranged weapons and melee attacks
   (+6).
   It protects you from fire.
   It protects you from cold.
   It may corrode you when you take damage.
 P - an uncursed ring of protection from fire
 Q - an uncursed ring of see invisible
Wands
 z - a wand of polymorph (14)
 M - a wand of flame (29)
 O - a wand of iceblast (7)
Scrolls
 c - 2 scrolls of enchant weapon
 e - a scroll of random uselessness {unknown}
 i - 4 scrolls of fog
 k - 7 scrolls of teleportation
 m - 6 scrolls of remove curse
 p - 2 scrolls of noise
 D - 2 scrolls of magic mapping
 E - 4 scrolls of fear {unknown}
 G - a scroll of immolation {unknown}
 K - a scroll of blinking {unknown}
 T - a scroll of amnesia {unknown}
 U - a scroll of identify
Potions
 g - 2 potions of heal wounds
 h - 2 potions of flight
 j - 2 potions of brilliance
 l - 3 potions of cancellation
 r - 3 potions of ambrosia
 s - 4 potions of haste
 u - 7 potions of curing
 A - 2 potions of might
 B - a potion of resistance {unknown}
 C - a potion of berserk rage {unknown}
 H - a potion of magic {unknown}
 I - a potion of mutation {unknown}
 J - 4 potions of lignification
Comestibles
 x - 20 rations


   Skills:
 + Level 9.5 Fighting
 * Level 9.6 Dodging
 - Level 1.0 Stealth
 + Level 1.3 Shields
 + Level 9.9 Unarmed Combat


You had 10 spell levels left.
You didn't know any spells.
Your spell library was empty.

Dungeon Overview and Level Annotations

Branches:
Dungeon (11/15)            Temple (1/1) D:7            Lair (4/6) D:11
    Orc (0/2) D:10
  Swamp: Lair:2-4    Shoals: Lair:2-4     Snake: Lair:2-4    Spider: Lair:2-4

Altars:
Ashenzari
Cheibriados
Dithmenos
Elyvilon
Fedhas
Gozag
Hepliaklqana
Kikubaaqudgha
Makhleb
Nemelex Xobeh
Okawaru
Qazlal
Ru
Sif Muna
Trog
Uskayaw
Vehumet
Wu Jian
Xom
Yredelemnul
Zin
The Shining One

Shops:
D:5 *   D:8 (


Innate Abilities, Weirdness & Mutations

You are too large for most types of armour.
You have claws for hands.
Your metabolism is lightning-fast.
You like to eat raw meat.
Your natural rate of healing is unusually fast.
You are covered in fur. (AC +1)
You have very tough skin. (AC +2)


Message History

The komodo dragon completely misses you.
The blink frog blinks!
You claw the blink frog!
The blink frog is severely wounded.
The blink frog closely misses you. The komodo dragon barely misses you.
You mangle the blink frog!!
You kill the blink frog!
The komodo dragon bites you!!
* * * LOW HITPOINT WARNING * * *
The blink frog hits you!
* * * LOW HITPOINT WARNING * * *
You feel much better.
The blink frog blinks!
The blink frog hits you!
* * * LOW HITPOINT WARNING * * *
The komodo dragon barely misses you.
You scratch the komodo dragon.
The komodo dragon is lightly wounded.
The blink frog hits you!!
* * * LOW HITPOINT WARNING * * *
The komodo dragon bites you!
You die...

#..........
##............
##..P#.##.... #.#####
#.# . ##.## ##.###
###.. #...#
#..#.###...P.
##..#######...........
##.###..P#............
#...........F@l...ยง...
##....................
#....................
###..##.P##..##..P#.#
##########.# #### # ###


You could see a komodo dragon and a blink frog.

Vanquished Creatures
  Pikel (D:5)
  A cyclops (D:11)
  A komodo dragon (D:11)
  A hornet (D:9)
  4 trolls
  A polar bear (Lair:3)
  Grinder (D:5)
  A hippogriff (D:9)
  A blink frog (Lair:3)
  Sigmund (D:5)
  5 wraiths
  A wyvern (D:10)
  2 hungry ghosts
  Menkaure (D:7)
  3 wargs (D:10)
  An orc warrior (D:6)
  2 sky beasts (D:9)
  3 black bears
  A necrophage (D:9)
  2 phantoms
  3 ice beasts
  5 ogres
  5 wolves (Lair:2)
  5 centaurs
  2 crocodiles (D:10)
  3 big kobolds
  5 bullfrogs
  3 elf zombies
  A gnoll sergeant (D:9)
  2 elf skeletons (D:4)
  3 scorpions
  A water moccasin skeleton (D:9)
  12 killer bees
  5 wights (D:10)
  2 howler monkeys
  5 crimson imps
  2 quasits
  A human zombie (Ossuary)
  5 orc priests
  A gnoll shaman (D:9)
  4 hounds
  2 bullfrog skeletons
  15 orc wizards
  2 human skeletons (D:4)
  4 iguanas
  7 worker ants
  A killer bee zombie (D:8)
  A big kobold zombie (Ossuary)
  2 hound zombies (Ossuary)
  4 mummies (Ossuary)
  Robin (D:3)
  A hound skeleton (D:5)
  11 adders
  13 gnolls
  2 shadow imps
  An ooze (D:5)
  An adder skeleton (D:8)
  2 adder zombies (Ossuary)
  3 worms
  3 dart slugs
  5 leopard geckos
  47 orcs
  A ball python (D:1)
  5 bats
  4 giant cockroaches
  2 gnoll zombies (Ossuary)
  5 hobgoblins
  7 jackals
  20 kobolds
  2 quokkas
  7 frilled lizards
  11 goblins
  A goblin zombie (Ossuary)
  A jackal skeleton (D:7)
  A leopard gecko skeleton (D:7)
  7 rats
  A rat zombie (Ossuary)
  2 plants
314 creatures vanquished.

Vanquished Creatures (others)
  An orc (D:9)
  A jackal (D:5)
  An orc zombie (Ossuary)
3 creatures vanquished.

Grand Total: 317 creatures vanquished

Notes
Turn   | Place    | Note
-------+----------+-------------------------------------------
     0 | D:1      | Garbasso the Troll Monk began the quest for the Orb.
     0 | D:1      | Reached XP level 1. HP: 22/22 MP: 0/0
   334 | D:1      | Reached XP level 2. HP: 29/29 MP: 1/1
   644 | D:2      | Reached XP level 3. HP: 32/36 MP: 2/2
  1066 | D:3      | Reached XP level 4. HP: 44/45 MP: 3/3
  1133 | D:3      | Noticed Robin
  1148 | D:3      | Killed Robin
  1254 | D:3      | Found a sparkling altar of Nemelex Xobeh.
  1809 | D:4      | Reached skill level 5 in Unarmed Combat
  1809 | D:4      | Reached XP level 5. HP: 46/53 MP: 4/4
  1841 | D:4      | Reached XP level 6. HP: 31/62 MP: 5/5
  1910 | D:4      | Found a sand-covered staircase.
  1929 | Ossuary  | Entered an ossuary
  1994 | Ossuary  | HP: 2/62 [human zombie (4)]
  2007 | Ossuary  | HP: 3/62 [human zombie (5)]
  2072 | Ossuary  | Reached XP level 7. HP: 35/70 MP: 6/6
  2285 | D:4      | Found a burning altar of Makhleb.
  2322 | D:4      | Got a glittering lead ring
  2324 | D:4      | Identified the ring "Taoloask" {*Corrode rF+ rC+ EV+4
                  | Slay+6} (You found it on level 4 of the Dungeon)
  2570 | D:4      | Reached skill level 5 in Fighting
  2617 | D:5      | Entered Level 5 of the Dungeon
  2645 | D:5      | Found a blossoming altar of Fedhas.
  2645 | D:5      | Noticed Pikel
  2763 | D:5      | Noticed Sigmund
  2776 | D:5      | Killed Sigmund
  2850 | D:5      | Reached XP level 8. HP: 65/81 MP: 7/7
  2950 | D:5      | Noticed Grinder
  2958 | D:5      | Killed Pikel
  2965 | D:5      | Killed Grinder
  3244 | D:5      | Found Mozucuph's Assorted Antiques.
  3253 | D:5      | Bought a potion of heal wounds for 135 gold pieces
  3592 | D:6      | Reached XP level 9. HP: 93/93 MP: 8/8
  3688 | D:6      | Reached skill level 5 in Dodging
  4002 | D:6      | Found a snail-covered altar of Cheibriados.
  4367 | D:7      | Found a radiant altar of Vehumet.
  4624 | D:7      | Noticed a troll
  4636 | D:7      | Killed a troll
  4660 | D:7      | Found a basalt altar of Yredelemnul.
  4665 | D:7      | Noticed Menkaure
  4670 | D:7      | Killed Menkaure
  4696 | D:7      | Found a deep blue altar of Sif Muna.
  4858 | D:7      | Found an iron altar of Okawaru.
  4971 | D:7      | Found a staircase to the Ecumenical Temple.
  4988 | Temple   | Entered the Ecumenical Temple
  5479 | D:7      | Found a sacrificial altar of Ru.
  5505 | D:7      | Found a shadowy altar of Dithmenos.
  5667 | D:8      | Found a glowing golden altar of the Shining One.
  5715 | D:8      | Reached XP level 10. HP: 106/106 MP: 9/9
  5748 | D:8      | Found Wyxeh's Weapon Boutique.
  5998 | D:8      | Found the +5 scythe "Finisher" {speed, Str+3}
  6075 | D:8      | Found a sparkling altar of Nemelex Xobeh.
  6075 | D:8      | Found a hazy altar of Hepliaklqana.
  6142 | D:8      | Found an ornate altar of the Wu Jian Council.
  7464 | D:10     | Entered Level 10 of the Dungeon
  7481 | D:10     | Found a staircase to the Orcish Mines.
  7661 | D:10     | Reached XP level 11. HP: 115/115 MP: 10/10
  8659 | D:11     | Found a staircase to the Lair.
  8683 | Lair:1   | Entered Level 1 of the Lair of Beasts
  8702 | Lair:2   | Reached skill level 1 in Shields
  9016 | Lair:3   | HP: 1/115 [blink frog (18)]
  9016 | Lair:3   | Mangled by a komodo dragon

Skill      XL: |  1  2  3  4  5  6  7  8  9 10 11 |
---------------+----------------------------------+-----
Unarmed Combat | 4 5 6 7 8 9 |  9.9
Fighting       | 3 4 5 7 8 9 |  9.5
Dodging        | 3 4 6 8 9 |  9.6
Shields        | 1 |  1.3
Stealth        | |  1.0

Action                   |  1- 3 |  4- 6 |  7- 9 | 10-12 || total
-------------------------+-------+-------+-------+-------++-------
Melee: Unarmed           |   110 |   174 |   236 |   346 ||   866
       Punch             |     2 |     7 |     8 |    17 ||    34
 Fire: Blowgun           |       |     1 |    16 |    25 ||    42
Throw: Tomahawk          |     3 |       |    13 |     4 ||    20
  Use: Scroll            |     2 |       |    12 |     4 ||    18
       Potion            |       |     3 |       |     1 ||     4
 Stab: Sleeping          |     1 |     3 |     2 |     1 ||     7
  Eat: Chunk             |    15 |     8 |    35 |    31 ||    89
Armor: Robe              |    32 |   121 |    28 |    53 ||   234
Dodge: Dodged            |    56 |   162 |   157 |   295 ||   670
Block: Other             |       |       |     4 |    26 ||    30
       Reflection        |       |       |       |     4 ||     4
